Map: 킹스 코브 - 래더

Players

Ragnarok (SHIN)

  • Race: Zerg Zerg
  • Spawn Location: 11:00

Harstem - Winner!

  • Race: Protoss Protoss
  • League: Grandmaster
  • Spawn Location: 5:00

Event: 2019 Assembly Summer

VOD

Have the link to the VOD?

Description

Time

  • Played on: Aug. 1, 2019, 6:08 a.m.
  • Length: 13:57

All games in this series

Show
View Real Time Build Order
Export as new Build Order

Ragnarok Zerg 

Build Orders: Hatch First, Muta Ling Bane 

Get SALT Encoding   

  12  0:01  Drone  
  13  0:13  Overlord  
  13  0:18  Drone  
  14  0:32  Drone x2  
  16  0:51  Hatchery  
  16  0:53  Drone  
  16  0:56  Drone  
  17  0:59  Drone  
  18  1:12  Extractor  
  18  1:15  Spawning Pool  
  17  1:18  Drone  
  17  1:21  Drone  
  18  1:28  Drone  
  19  1:40  Drone  
  20  1:52  Drone  
  21  1:55  Hatchery  
  20  2:02  Zergling x2  
  20  2:06  Queen  
  23  2:09  Drone  
  23  2:14  Drone  
  25  2:19  Overlord  
  25  2:26  Drone  
  26  2:30  Queen  
  26  2:36  Metabolic Boost  
  28  2:39  Zergling x2  
  28  2:41  Drone  
  30  2:47  Drone  
  30  2:48  Drone x2  
  33  2:55  Queen  
  33  2:58  Drone  
  36  3:02  Overlord  
  36  3:11  Queen  
  36  3:12  Drone  
  39  3:14  Drone  
  39  3:16  Drone  
  39  3:19  Drone  
  42  3:21  Overlord  
  42  3:23  Drone  
  43  3:39  Roach Warren  
  43  3:40  Drone x5  
  47  3:41  Drone  
  47  3:46  Lair  
  47  3:48  Drone  
  49  3:51  Drone  
  49  3:54  Overlord  
  50  3:56  Extractor  
  50  3:57  Extractor  
  50  4:00  Drone x2  
  50  4:08  Overlord  
  50  4:12  Drone x4  
  50  4:13  Spore Crawler  
  50  4:14  Zergling x4  
  50  4:16  Zergling x2  
  56  4:20  Zergling x4  
  58  4:26  Roach x2  
  58  4:27  Roach  
  58  4:30  Overlord  
  64  4:33  Roach  
  66  4:41  Overlord  
  66  4:44  Overseer  
  66  4:48  Overlord  
  66  4:49  Roach  
  66  4:50  Roach x2  
  72  4:55  Roach  
  74  5:01  Roach x3  
  74  5:06  Drone x4  
  81  5:10  Drone  
  81  5:11  Drone  
  75  5:14  Drone  
  75  5:20  Drone x3  
  77  5:25  Drone x2  
  77  5:26  Drone  
  77  5:33  Drone x2  
  77  5:34  Drone x2  
  81  5:36  Overlord  
  81  5:39  Drone x2  
  83  5:43  Overlord  
  83  5:44  Drone  
  83  5:45  Drone  
  83  5:48  Drone x2  
  87  5:51  Glial Reconstitution  
  87  5:54  Drone  
  87  5:55  Drone  
  89  5:57  Drone  
  89  5:58  Drone x2  
  89  6:01  Spore Crawler  
  89  6:03  Drone x2  
  93  6:06  Drone  
  93  6:07  Drone x2  
  93  6:09  Drone  
  97  6:14  Extractor  
  97  6:16  Drone x3  
  97  6:17  Drone  
  100  6:21  Spore Crawler, Drone  
  100  6:24  Drone x2  
  100  6:27  Extractor  
  100  6:29  Spire  
  100  6:31  Drone  
  99  6:36  Drone x3  
  99  6:39  Drone x2  
  99  6:41  Hatchery  
  99  6:43  Zergling x6  
  99  6:45  Overseer  
  101  6:53  Evolution Chamber  
  100  6:54  Baneling Nest  
  100  6:55  Drone, Overlord  
  100  6:59  Overlord  
  100  7:02  Drone x3  
  100  7:04  Extractor  
  100  7:05  Overlord  
  100  7:07  Overlord x2  
  100  7:08  Overlord  
  102  7:11  Overlord  
  102  7:14  Overlord  
  102  7:20  Zerg Melee Weapons Level 1  
  102  7:40  Mutalisk x10  
  102  7:42  Zergling x10  
  102  7:43  Zergling x2  
  128  7:48  Centrifical Hooks  
  128  7:51  Roach x2  
  132  7:54  Roach, Zergling x2  
  135  8:00  Drone  
  135  8:01  Drone x6  
  135  8:05  Zergling x6  
  142  8:10  Roach, Zergling x6  
  142  8:11  Zergling x2  
  147  8:13  Ravager  
  147  8:14  Ravager x4  
  147  8:18  Overlord  
  147  8:19  Zergling x2  
  153  8:22  Roach, Zergling x2  
  153  8:26  Zergling x4  
  158  8:31  Roach, Zergling x10  
  158  8:34  Ravager x2  
  165  8:36  Overlord  
  165  8:37  Zergling x12  
  165  8:39  Roach x4  
  170  8:48  Roach, Zergling x10  
  170  8:52  Ravager x4  
  170  8:54  Zergling x2  
  179  8:56  Baneling x6  
  179  9:00  Baneling x12  
  179  9:01  Roach, Zergling x2  
  179  9:02  Zergling x10  
  183  9:07  Roach, Zergling x6  
  183  9:08  Baneling  
  188  9:13  Drone x4  
  188  9:14  Drone  
  188  9:16  Zergling x2  
  181  9:25  Baneling  
  181  9:26  Baneling x11, Zergling x8  
  183  9:32  Zergling x2  
  183  9:33  Zergling x2  
  183  9:35  Roach, Zergling x14  
  172  9:45  Roach, Zergling x14  
  165  9:50  Roach, Zergling x2  
  165  9:52  Zerg Melee Weapons Level 2  
  171  9:54  Roach  
  171  9:55  Infestation Pit  
  171  9:57  Baneling x8  
  171  9:58  Zergling x4  
  174  10:01  Baneling  
  174  10:02  Baneling x2  
  174  10:03  Zergling x2  
  174  10:04  Zergling x4  
  177  10:09  Baneling x5  
  177  10:10  Zergling x8  
  181  10:16  Hatchery  
  181  10:18  Zergling x4  
  181  10:20  Baneling x5  
  181  10:22  Zergling x2  
  181  10:23  Zergling x2  
  183  10:30  Baneling  
  183  10:31  Baneling x8  
  183  10:32  Zergling x12  
  189  10:36  Zergling x2  
  189  10:37  Zergling x2  
  189  10:38  Overlord x2  
  189  10:41  Baneling  
  189  10:42  Baneling x6  
  163  10:50  Zergling x2  
  163  10:51  Roach, Zergling x14  
  163  10:53  Zergling x2  
  163  10:54  Zergling x2  
  163  10:56  Baneling  
  163  10:57  Baneling x6  
  163  10:59  Zergling x4  
  156  11:05  Zergling x2  
  156  11:06  Roach, Zergling x8  
  156  11:09  Drone x3  
  156  11:10  Drone  
  142  11:13  Drone x3  
  142  11:17  Drone  
  146  11:19  Hive  
  146  11:22  Zergling x2  
  146  11:25  Zergling x4  
  148  11:29  Zergling x4  
  148  11:30  Queen  
  148  11:31  Drone  
  148  11:32  Drone x3  
  154  11:35  Ravager  
  154  11:36  Roach, Zergling x2  
  154  11:37  Zergling x2  
  159  11:42  Baneling x9  
  159  11:48  Queen  
  159  11:49  Drone x2  
  163  11:55  Spine Crawler  
  163  11:57  Baneling x2  
  163  11:58  Zergling x2  
  163  11:59  Zergling x12  
  169  12:05  Drone  
  169  12:06  Drone x6  
  176  12:11  Zergling x2  
  176  12:12  Zergling x8, Extractor  
  180  12:19  Evolution Chamber  
  180  12:20  Zergling x12  
  185  12:34  Greater Spire  
  184  12:40  Extractor  
  182  12:45  Corruptor x8  
  182  12:49  Corruptor  
  199  13:02  Baneling x5  
  199  13:03  Baneling x13  
  198  13:19  Zergling x4  
  198  13:20  Zergling x18  
  198  13:25  Zergling x16  
  198  13:26  Zergling x6  
  190  13:32  Roach, Zergling x2  
  190  13:33  Zergling x6  
  186  13:36  Baneling x6  
  186  13:37  Zergling x4  
Show
View Real Time Build Order
Export as new Build Order

Harstem Protoss - Winner!

Build Orders: 1 Gate Expand, Archon Immortal, Archon Drop, Dark Templar Rush 

Get SALT Encoding   

  12  0:00  Probe  
  13  0:13  Probe  
  14  0:18  Pylon  
  14  0:21  Probe  
  15  0:32  Probe  
  15  0:38  Gateway  
  16  0:43  Probe  
  16  0:48  Assimilator  
  17  0:56  Probe  
  18  1:08  Probe  
  19  1:20  Probe  
  20  1:27  Nexus  
  20  1:36  Cybernetics Core  
  20  1:38  Probe  
  21  1:46  Assimilator  
  21  1:50  Probe  
  22  1:54  Pylon  
  22  2:02  Probe  
  22  2:04  Adept  
  23  2:13  Probe  
  26  2:17  Twilight Council  
  26  2:21  Probe  
  26  2:27  Warp Gate  
  26  2:29  Probe  
  27  2:35  Stalker  
  27  2:36  Probe  
  30  2:40  Probe  
  32  2:44  Probe  
  33  2:53  Probe  
  33  2:56  Probe, Robotics Facility  
  35  3:05  Probe  
  36  3:08  Probe  
  37  3:15  Gateway  
  37  3:17  Probe  
  38  3:21  Dark Shrine  
  38  3:22  Probe  
  39  3:29  Probe  
  39  3:31  Gateway  
  40  3:34  Warp Prism  
  40  3:36  Gateway  
  40  3:37  Probe  
  42  3:47  Probe  
  44  3:50  Assimilator  
  44  3:54  Pylon  
  44  3:55  Probe  
  45  3:59  Probe  
  45  4:00  Assimilator  
  46  4:05  Pylon  
  46  4:12  Probe x2  
  46  4:15  Adept  
  50  4:24  Probe x2, Pylon  
  52  4:36  Probe  
  54  4:40  Dark Templar x4  
  54  4:44  Archon x2  
  62  4:51  Observer  
  62  4:52  Nexus  
  62  4:56  Pylon  
  62  4:58  Probe  
  62  4:59  Probe  
  64  5:07  Immortal  
  64  5:13  Probe  
  66  5:16  Forge  
  66  5:19  Dark Templar  
  71  5:21  Probe  
  71  5:26  Zealot  
  72  5:29  Probe  
  72  5:30  Pylon  
  72  5:35  Probe  
  74  5:38  Charge  
  74  5:40  Probe  
  75  5:44  Probe  
  75  5:47  Immortal, Sentry  
  75  5:48  Probe  
  75  5:49  Sentry  
  80  5:54  Probe, Pylon  
  80  5:55  Protoss Ground Weapons Level 1  
  85  6:01  Probe  
  86  6:05  Probe  
  86  6:06  Probe  
  89  6:14  Probe  
  89  6:15  Gateway  
  89  6:16  Gateway  
  90  6:21  Probe  
  90  6:22  Sentry  
  90  6:23  Probe  
  90  6:24  Pylon  
  94  6:26  Probe, Assimilator  
  94  6:27  Assimilator  
  95  6:33  Probe  
  95  6:36  Probe  
  95  6:38  Probe  
  98  6:41  Probe  
  98  6:43  Gateway  
  98  6:44  Gateway, Probe  
  99  6:48  Immortal  
  99  6:53  Pylon  
  102  6:56  Templar Archives  
  102  7:01  Stalker x2  
  108  7:15  Gateway  
  108  7:17  Gateway  
  108  7:19  Photon Cannon x2  
  108  7:25  Photon Cannon  
  108  7:30  Probe  
  108  7:36  Stalker  
  111  7:39  Psionic Storm  
  111  7:42  Nexus  
  111  7:46  Pylon  
  111  7:47  Probe  
  111  7:48  Probe  
  111  7:51  High Templar x4  
  115  7:55  Pylon  
  115  7:56  High Templar  
  115  7:57  Dark Templar, Shield Battery  
  124  8:05  Dark Templar  
  126  8:06  Probe, Protoss Ground Weapons Level 2  
  126  8:09  Probe  
  127  8:12  Archon  
  127  8:18  Pylon  
  127  8:19  Photon Cannon, Pylon  
  127  8:21  Photon Cannon  
  127  8:25  Probe  
  128  8:27  Stalker x4  
  128  8:29  Probe x2  
  138  8:34  Stalker  
  138  8:36  Stalker x2  
  144  8:47  Warp Prism  
  143  8:53  Probe  
  143  8:54  Blink  
  144  8:58  Zealot x3  
  144  9:00  Photon Cannon  
  144  9:01  Probe x2  
  144  9:02  Assimilator  
  152  9:04  Assimilator  
  152  9:07  Dark Templar x2  
  156  9:12  Archon  
  157  9:17  Probe  
  157  9:18  Probe  
  154  9:25  Dark Templar x2  
  158  9:33  Archon  
  158  9:36  Zealot x4  
  158  9:37  Zealot x2  
  168  9:40  Archon  
  160  9:47  Immortal  
  160  9:50  High Templar x2  
  160  9:52  Probe  
  169  9:55  Pylon  
  169  9:56  Pylon  
  169  9:57  Stargate, Pylon  
  169  10:00  Photon Cannon  
  169  10:01  Shield Battery  
  169  10:04  Shield Battery  
  169  10:15  High Templar x2  
  169  10:16  Dark Templar x2  
  169  10:17  Zealot x3  
  181  10:22  Archon  
  181  10:23  Dark Templar x2  
  181  10:24  Zealot  
  181  10:26  Pylon  
  181  10:28  Pylon  
  187  10:32  Protoss Ground Weapons Level 3  
  187  10:33  Archon  
  187  10:34  Probe  
  166  10:52  Zealot x8  
  166  10:53  Immortal  
  166  11:00  High Templar x2  
  172  11:06  Archon  
  172  11:07  Archon  
  154  11:19  Immortal  
  154  11:23  Zealot x5  
  164  11:25  High Templar  
  164  11:26  High Templar x3  
  164  11:27  Probe x2  
  160  11:42  High Templar x2, Sentry  
  160  11:43  Zealot x3  
  160  11:45  Nexus  
  172  11:47  Archon  
  172  11:48  Photon Cannon, Pylon  
  172  11:50  Pylon  
  172  11:51  Pylon  
  172  11:52  Observer  
  172  12:01  High Templar x2  
  177  12:02  Zealot x2  
  177  12:05  Archon  
  177  12:08  Zealot x4  
  189  12:24  Zealot  
  189  12:25  Zealot x3  
  189  12:29  Probe  
  198  12:30  Photon Cannon  
  198  12:34  Assimilator  
  198  12:38  Photon Cannon  
  198  12:39  High Templar, Photon Cannon  
  198  12:41  Assimilator  
  200  12:52  Fleet Beacon  
  200  12:53  Stargate  
  200  12:54  Stargate  
  198  12:59  Pylon  
  198  13:08  High Templar  
  200  13:17  High Templar x2  
  182  13:21  Zealot x7  
  182  13:22  Archon  
  168  13:42  Zealot x8  
  172  13:54  Archon  
  172  13:55  Archon x2  
Tags
 
Add a new tag
Caveats
  • Supply blocks, unpowered buildings, or Contaminate may cause inaccurate times.
  • Supply counts are checked every 10 seconds.